[Event "Titled Tuesday Blitz October 11 Late 2022"]
[White "Pinheiro, Iung Alicio de O."]
[Black "Grigorov, Grigor"]
[WhiteFideId "2104350"]
[BlackFideId "2907313"]
[WhiteElo "2283"]
[BlackElo "2510"]
[Result "1-0"]
[Round "02"]
[TimeControl "180+1"]
[Date "2022.10.11"]
[WhiteClock "0:00:12"]
[BlackClock "0:00:30"]

1. e4 c6 2. Nc3 d5 3. Nf3 dxe4 4. Nxe4 Nf6 5. Qe2 Nxe4 6. Qxe4 Be6 7. c4 Nd7 8. d4 Nf6 9. Qh4 Bf5 10. Be2 e6 11. O-O Be7 12. Qf4 O-O 13. b3 h6 14. Bb2 Qa5 15. a3 Bg4 16. Rfd1 Qf5 17. Qe3 Rfd8 18. h3 Bxf3 19. Bxf3 Rd7 20. Rd3 Rad8 21. Rad1 a6 22. Qe2 Qf4 23. g3 Qc7 24. Kg2 Re8 25. h4 Red8 26. Qc2 Rc8 27. Qe2 Rcd8 28. Qe3 Re8 29. Qe5 Bd6 30. Qe2 e5 31. dxe5 Bxe5 32. Bxe5 Rxd3 33. Bxc7 Rxe2 34. Bxe2 Rxb3 35. Rd8+ Kh7 36. Be5 Ne4 37. Rd3 Rb1 38. Re3 f5 39. f3 Nc5 40. Bd4 Nb3 41. Bd3 Rd1 42. Bxf5+ g6 43. Rxb3 gxf5 44. Rxb7+ Kg6 45. Be3 Rd3 46. Kf2 Rxa3 47. Rb6 Ra2+ 48. Kf1 Ra3 49. Ke2 Ra2+ 50. Bd2 a5 51. Rxc6+ Kf7 52. Rxh6 a4 53. Ra6 Ra1 54. h5 a3 55. h6 a2 56. h7 Rh1 57. Rxa2 Rxh7 58. Ra7+ 1-0


[Site "https://www.chess.com"]

[Event "Titled Tuesday Blitz October 11 Late 2022"]
[White "Plotnikov, Pavel"]
[Black "Holt, Conrad"]
[WhiteFideId "4170342"]
[BlackFideId "2034387"]
[WhiteElo "2298"]
[BlackElo "2592"]
[Result "0-1"]
[Round "02"]
[TimeControl "180+1"]
[Date "2022.10.12"]
[WhiteClock "0:00:01"]
[BlackClock "0:00:07"]

1. d4 d5 2. c4 c6 3. Nc3 dxc4 4. a4 e5 5. e3 exd4 6. exd4 Be6 7. Nf3 Nf6 8. Be2 Bb4 9. O-O Nbd7 10. Qc2 O-O 11. Ne5 Nxe5 12. dxe5 Nd7 13. f4 Nc5 14. Be3 f5 15. Rfd1 Qe7 16. Rd6 Nb3 17. Rad1 Bxd6 18. exd6 Qf7 19. a5 Nxa5 20. Na4 Nb3 21. Nc5 Nxc5 22. Bxc5 b6 23. Bd4 Rfd8 24. Be5 a5 25. h3 b5 26. g4 a4 27. Kh2 a3 28. bxa3 Rxa3 29. Rg1 fxg4 30. Bxg4 Bxg4 31. Rxg4 g6 32. Qe4 Ra2+ 33. Kg3 c3 34. Qxc6 c2 35. d7 b4 36. f5 Qxf5 37. Qc4+ Qf7 38. Qc8 Ra3+ 39. Kh4 Qe7+ 40. Rg5 Rc3 41. Bxc3 c1=Q 42. Bd2 Qxc8 0-1


[Site "https://www.chess.com"]

[Event "Titled Tuesday Blitz October 11 Late 2022"]
[White "Poltorak, Sebastian"]
[Black "Sibilio, Mario"]
[WhiteFideId "1199498"]
[BlackFideId "800422"]
[WhiteElo "2232"]
[BlackElo "2296"]
[Result "1-0"]
[Round "02"]
[TimeControl "180+1"]
[Date "2022.10.12"]
[WhiteClock "0:00:23"]
[BlackClock "0:00:01"]

1. d4 Nf6 2. c4 e6 3. Nc3 Bb4 4. Qc2 O-O 5. e4 d5 6. e5 Ne4 7. Bd3 c5 8. Nf3 Nc6 9. O-O Bxc3 10. bxc3 cxd4 11. cxd4 Nb4 12. Qb1 Nxd3 13. Qxd3 b6 14. Ba3 Ba6 15. Rfc1 Re8 16. Qe3 f5 17. exf6 Qxf6 18. Ne5 Rac8 19. f3 Ng5 20. cxd5 exd5 21. Rxc8 Rxc8 22. Rc1 Nf7 23. Rxc8+ Bxc8 24. Ng4 Qd8 25. Ne5 Nxe5 26. dxe5 Qd7 27. Qd4 h5 28. h3 Qf7 29. Bb2 Be6 30. Kf2 Qg6 31. g4 hxg4 32. hxg4 Qc2+ 33. Kg3 Qc5 34. Qd1 Qe3 35. Bd4 Qa3 36. Qc2 Qb4 37. Qc6 Qe1+ 38. Kg2 Qe2+ 39. Kg3 Qe1+ 40. Kf4 Kf7 41. Qc7+ Kg6 42. Qc3 Qxc3 43. Bxc3 Kf7 44. Bd4 Kg6 45. Bc3 a5 46. Bd4 b5 47. Bb6 d4 48. Bxa5 Bxa2 49. Ke4 d3 50. Kxd3 Kf7 51. f4 g6 52. Kd4 1-0


[Site "https://www.chess.com"]

[Event "Titled Tuesday Blitz October 11 Late 2022"]
[White "Predke, Alexandr"]
[Black "Diaz Rosas, Julio Cesar"]
[WhiteFideId "24107581"]
[BlackFideId "5105099"]
[WhiteElo "2614"]
[BlackElo "2246"]
[Result "1-0"]
[Round "02"]
[TimeControl "180+1"]
[Date "2022.10.12"]
[WhiteClock "0:00:02"]
[BlackClock "0:00:01"]

1. Nf3 Nf6 2. c4 g6 3. Nc3 Bg7 4. e4 e5 5. Nxe5 O-O 6. d3 Re8 7. f4 c6 8. Be2 d5 9. cxd5 cxd5 10. O-O Be6 11. f5 Bc8 12. Ng4 dxe4 13. dxe4 Qxd1 14. Nxf6+ Bxf6 15. Rxd1 Bxc3 16. bxc3 Nc6 17. Bd3 b6 18. Bc4 Ne5 19. Bd5 Rb8 20. fxg6 hxg6 21. Bf4 Bg4 22. Rf1 Rbc8 23. Bxe5 Rxe5 24. Bxf7+ Kg7 25. Bd5 Kh6 26. Rac1 Rc5 27. c4 Be6 28. Rfd1 b5 29. cxb5 Rxb5 30. Bxe6 Rxe6 31. Re1 Rb2 32. Ra1 Rd6 33. Kh1 Rdd2 34. Rg1 Re2 35. Rae1 Rxa2 36. e5 Kg7 37. h3 Kf7 38. Rxe2 Rxe2 39. Ra1 Rxe5 40. Rxa7+ Kf6 41. Kh2 Kg5 42. Ra4 Kh6 43. Kg3 Rg5+ 44. Kf3 Rb5 45. Rf4 Kg5 46. h4+ Kh5 47. Re4 Rb3+ 48. Kf2 Kh6 49. g4 Ra3 50. Kg2 Rb3 51. Rf4 Rb2+ 52. Kg3 Rb3+ 53. Rf3 Rb4 54. Rd3 Ra4 55. Re3 Rb4 56. Re6 Kg7 57. g5 Ra4 58. Re7+ Kg8 59. Rd7 Rb4 60. Rd3 Kg7 61. Rf3 Rc4 62. Rf4 Rc3+ 63. Kg4 Rc5 64. Rd4 Rc7 65. Kf4 Rf7+ 66. Ke5 Re7+ 67. Kd6 Re1 68. Rf4 Rd1+ 69. Ke5 Re1+ 70. Re4 Rf1 71. Ke6 Rf2 72. Kd6 Rd2+ 73. Ke7 Ra2 74. Rd4 Re2+ 75. Kd8 Kf7 76. Rd7+ Kf8 77. Rd6 Kf7 78. Rf6+ Kg7 79. Rf4 Rd2+ 80. Ke7 Re2+ 81. Kd6 Rd2+ 82. Ke5 Re2+ 83. Re4 Ra2 84. Rd4 Re2+ 85. Kd6 Kf7 86. Rf4+ Kg7 87. Rc4 Rd2+ 88. Ke5 Re2+ 89. Kd5 Rd2+ 90. Ke4 Re2+ 91. Kf4 Rf2+ 92. Ke3 Rf7 93. Rc6 Re7+ 94. Kf4 Kf7 95. Rd6 Kg7 96. Rc6 Ra7 97. Ke5 Re7+ 98. Re6 Ra7 99. Rc6 Re7+ 100. Kd5 Rd7+ 101. Ke6 Ra7 102. Rd6 Ra4 103. Rd7+ Kg8 104. Kf6 Rxh4 105. Kxg6 Kf8 106. Rd8+ Ke7 107. Ra8 Rg4 108. Rg8 1-0


[Site "https://www.chess.com"]

[Event "Titled Tuesday Blitz October 11 Late 2022"]
[White "Quesada Perez, Yuniesky"]
[Black "Araujo Sanchez, Josue"]
[WhiteFideId "3504409"]
[BlackFideId "6416896"]
[WhiteElo "2599"]
[BlackElo "2370"]
[Result "1-0"]
[Round "02"]
[TimeControl "180+1"]
[Date "2022.10.12"]
[WhiteClock "0:00:06"]
[BlackClock "0:00:01"]

1. d4 Nf6 2. c4 e6 3. g3 a6 4. Bg2 d5 5. Nf3 Be7 6. O-O O-O 7. Qc2 dxc4 8. a4 a5 9. Qxc4 b6 10. Bf4 Nd5 11. Ne5 Ba6 12. Qc2 Ra7 13. Rd1 f6 14. Nf3 Nd7 15. Nc3 Nxf4 16. gxf4 Qe8 17. Rac1 Bd6 18. e3 Qg6 19. Qb3 f5 20. Nb5 Bxb5 21. axb5 Raa8 22. Nh4 Qf6 23. Bxa8 Rxa8 24. Nf3 Kh8 25. Kh1 Qe7 26. Ne5 Nf6 27. Rg1 Rf8 28. Rg2 Nd5 29. Nf3 g6 30. Rcg1 Nf6 31. Ne5 Bxe5 32. fxe5 Nd5 33. Qc4 Kg7 34. Rg5 Rg8 35. Qc6 Kf7 36. Qc4 h6 37. R5g2 g5 38. Qe2 g4 39. f3 h5 40. Qf2 Qg5 41. fxg4 hxg4 42. Rxg4 Qxg4 43. Rxg4 Rxg4 44. Qf3 Kg7 45. h3 Re4 46. Qh5 Nxe3 47. Qe8 Nd5 48. Qxe6 Rxd4 49. Qxf5 Rd1+ 50. Kh2 Rd2+ 51. Kg3 Rxb2 52. e6 Rb3+ 53. Kh4 Rb4+ 54. Kg5 Ne3 55. Qf7+ Kh8 56. Qf8+ Kh7 57. Qf7+ Kh8 58. e7 Rxb5+ 59. Kh4 1-0


[Site "https://www.chess.com"]

[Event "Titled Tuesday Blitz October 11 Late 2022"]
[White "Rabineau, Clement"]
[Black "Obrien, Matthew"]
[WhiteFideId "628891"]
[BlackFideId "2059150"]
[WhiteElo "2237"]
[BlackElo "2535"]
[Result "1/2-1/2"]
[Round "02"]
[TimeControl "180+1"]
[Date "2022.10.12"]
[WhiteClock "0:00:06"]
[BlackClock "0:00:23"]

1. e4 c5 2. c3 Nf6 3. e5 Nd5 4. d4 cxd4 5. cxd4 d6 6. f4 Nc6 7. Nc3 Nxc3 8. bxc3 dxe5 9. fxe5 Qa5 10. Bd2 g6 11. Nf3 Bg7 12. Bd3 O-O 13. O-O f6 14. Qb3+ Kh8 15. exf6 Rxf6 16. Ng5 h6 17. Rxf6 exf6 18. Qf7 Bf5 19. Ne6 Bxe6 20. Qxg6 Bg8 21. Bxh6 Qc7 22. Rf1 Bxh6 23. Qxh6+ Bh7 24. Rxf6 Qg7 25. Qh4 Rg8 26. g3 Ne7 27. Rh6 Ng6 28. Bxg6 Qxg6 29. Rxg6 Rxg6 30. Qd8+ Bg8 31. Kf2 Rb6 32. Ke3 Kg7 33. h4 Bxa2 34. Qg5+ Kf8 35. Qf5+ Ke8 36. Qc8+ Ke7 37. Qc7+ Ke8 38. h5 Bf7 39. Qb8+ Ke7 40. Qxa7 Re6+ 41. Kd2 Bxh5 42. Qxb7+ Kf6 43. Qb8 Re2+ 44. Kd3 Re6 45. Qh8+ Kg5 46. Qg7+ Bg6+ 47. Kd2 Ra6 48. Qb7 Ra2+ 49. Ke3 Ra1 50. Qe7+ Kh6 51. Qh4+ Kg7 52. Qe7+ Kh6 53. Qf8+ Kh7 54. Kd2 Ra2+ 55. Ke3 Ra1 56. Qe7+ Kh6 1/2-1/2


[Site "https://www.chess.com"]

[Event "Titled Tuesday Blitz October 11 Late 2022"]
[White "Reshetnikov, Alexey"]
[Black "Milosevic, Milos"]
[WhiteFideId "4162080"]
[BlackFideId "964875"]
[WhiteElo "2502"]
[BlackElo "2321"]
[Result "1-0"]
[Round "02"]
[TimeControl "180+1"]
[Date "2022.10.12"]
[WhiteClock "0:01:32"]
[BlackClock "0:00:19"]

1. e4 e5 2. Nf3 Nc6 3. Bc4 Bc5 4. c3 Nf6 5. d3 d6 6. O-O a6 7. Bb3 Ba7 8. Nbd2 h6 9. Re1 O-O 10. Nf1 Re8 11. Ng3 Be6 12. Bc2 d5 13. Qe2 Qd6 14. h3 Rad8 15. Nh4 d4 16. Qf3 Ne7 17. Nhf5 Nxf5 18. Nxf5 Bxf5 19. Qxf5 Nd7 20. c4 Re6 21. Bd2 Rf6 22. Qh5 c5 23. Rab1 Nf8 24. a3 Ne6 25. g3 b5 26. Bb3 Rg6 27. Ba2 Ng5 28. h4 Nh7 29. cxb5 axb5 30. b4 Nf6 31. Qxg6 1-0


[Site "https://www.chess.com"]

[Event "Titled Tuesday Blitz October 11 Late 2022"]
[White "Riehle, Marco"]
[Black "Fernandez Siles, Luis"]
[WhiteFideId "12904392"]
[BlackFideId "2209420"]
[WhiteElo "2462"]
[BlackElo "2186"]
[Result "1-0"]
[Round "02"]
[TimeControl "180+1"]
[Date "2022.10.12"]
[WhiteClock "0:01:42"]
[BlackClock "0:00:02"]

1. e4 c5 2. a3 g6 3. h4 h5 4. Nc3 Bg7 5. Bc4 Nf6 6. d3 Nc6 7. Bg5 d6 8. Qd2 Nd4 9. Nge2 a6 10. Nxd4 cxd4 11. Ne2 Ng4 12. Nf4 f6 13. Nxg6 fxg5 14. Nxh8 Bxh8 15. hxg5 Kd7 16. Rxh5 Kc7 17. O-O-O Bg7 18. Rh7 Qf8 19. Bd5 Bd7 20. Qa5+ b6 21. Qb4 Ra7 22. f3 Ne3 23. Rdh1 Nxd5 24. exd5 Qf4+ 25. Qd2 Qxd2+ 26. Kxd2 Be5 27. R1h4 Ra8 28. f4 Rf8 29. fxe5 Rf2+ 30. Ke1 Rxc2 31. e6 Bb5 32. Rxe7+ Kd8 33. Rg7 Rxb2 34. Rh8+ Be8 35. Rd7+ 1-0


[Site "https://www.chess.com"]

[Event "Titled Tuesday Blitz October 11 Late 2022"]
[White "Roberson, Peter T"]
[Black "Ardila, Oscar Humberto"]
[WhiteFideId "412384"]
[BlackFideId "4404742"]
[WhiteElo "2346"]
[BlackElo "1898"]
[Result "1-0"]
[Round "02"]
[TimeControl "180+1"]
[Date "2022.10.12"]
[WhiteClock "0:00:20"]
[BlackClock "0:00:02"]

1. d4 Nf6 2. c4 e6 3. Nc3 Bb4 4. Qc2 O-O 5. a3 Bxc3+ 6. Qxc3 d5 7. Nf3 Nc6 8. Bg5 h6 9. Bh4 dxc4 10. e3 b5 11. b3 Bb7 12. bxc4 bxc4 13. Bxc4 g5 14. Bg3 Nd5 15. Qc2 Na5 16. Bd3 Nf6 17. O-O Bxf3 18. gxf3 Qd5 19. Qxc7 Rac8 20. Qe5 Qxe5 21. Bxe5 Nd5 22. Rfc1 Nb3 23. Rxc8 Rxc8 24. Ra2 f6 25. Bd6 Rc1+ 26. Kg2 Rc3 27. Be4 Nc1 28. Rc2 Rxc2 29. Bxc2 Ne2 30. Bb3 Kf7 31. a4 Nec3 32. a5 Nb5 33. Bc5 a6 34. Bc4 Ndc7 35. Kg3 Kg6 36. f4 f5 37. Bb6 Kf6 38. fxg5+ hxg5 39. f3 Ke7 40. e4 Kd6 41. e5+ Kc6 42. f4 g4 43. Kh4 Nd5 44. Kg5 Nbc7 45. Bxc7 Nxc7 46. Kf6 Nd5+ 47. Kxe6 Nxf4+ 48. Kxf5 Ng2 49. Bxa6 Ne3+ 50. Kf6 Kd5 51. e6 1-0


[Site "https://www.chess.com"]

[Event "Titled Tuesday Blitz October 11 Late 2022"]
[White "Rodriguez Santiago, Jaime"]
[Black "Zochowski, Kacper"]
[WhiteFideId "3100898"]
[BlackFideId "1125494"]
[WhiteElo "2025"]
[BlackElo "2292"]
[Result "0-1"]
[Round "02"]
[TimeControl "180+1"]
[Date "2022.10.12"]
[WhiteClock "0:00:19"]
[BlackClock "0:00:14"]

1. Nf3 d6 2. c4 e5 3. Nc3 Nf6 4. g3 Nbd7 5. Bg2 Be7 6. O-O O-O 7. e3 c6 8. b3 Qc7 9. d4 Re8 10. dxe5 dxe5 11. Bb2 Nc5 12. Qe2 Bg4 13. h3 Bh5 14. g4 Bg6 15. Rfd1 Rad8 16. Nh4 Bd3 17. Qf3 e4 18. Qf5 g6 19. Qf4 Qxf4 20. exf4 Nxg4 21. Nxg6 fxg6 22. hxg4 Rf8 23. f5 gxf5 24. gxf5 Rxf5 25. b4 Ne6 26. Nxe4 Bxb4 27. c5 Bxc5 28. Nf6+ Kf8 29. Rd2 Bd4 30. Ba3+ Bc5 31. Bb2 Bc4 32. Rxd8+ Nxd8 33. Nxh7+ Ke7 34. Re1+ Ne6 35. Kh2 Rxf2 36. Be5 Bd5 37. Rg1 Rf5 38. Bxd5 Bxg1+ 39. Kxg1 Rxe5 40. Bg2 Nf4 41. Bf3 Ne6 42. Kf2 Rf5 43. Ke3 Rf7 44. Ng5 Nxg5 45. Bg4 Ne6 46. Ke4 Kd6 47. Be2 Rf4+ 48. Kd3 Ra4 49. Kc2 Rxa2+ 50. Kc3 Rxe2 0-1


[Site "https://www.chess.com"]

[Event "Titled Tuesday Blitz October 11 Late 2022"]
[White "Romero Ruscalleda, Josep"]
[Black "Al Hosani, Omran"]
[WhiteFideId "2231859"]
[BlackFideId "9308733"]
[WhiteElo "2388"]
[BlackElo "2167"]
[Result "0-1"]
[Round "02"]
[TimeControl "180+1"]
[Date "2022.10.12"]
[WhiteClock "0:00:01"]
[BlackClock "0:01:04"]

1. e4 c5 2. c3 Nc6 3. d4 cxd4 4. cxd4 d5 5. Nc3 dxe4 6. d5 Ne5 7. Qd4 f6 8. Qxe4 e6 9. Bb5+ Kf7 10. f4 exd5 11. Nxd5 Qa5+ 12. Nc3 Bb4 13. Qd5+ Be6 14. Qxb7+ Ne7 15. Bd2 Rab8 16. Qa6 Rxb5 17. Qxb5 Bc4 18. Qxa5 Nd3+ 19. Kd1 Bxa5 20. Nf3 Nf2+ 21. Kc2 Bd3+ 22. Kc1 Nxh1 23. Be3 Nf5 24. Bxa7 Bf1 25. g4 Ra8 26. Bc5 Bxc3 27. bxc3 Rc8 28. Bb4 Be2 29. gxf5 Bxf3 30. Kd2 Re8 31. a4 Nf2 32. a5 Ne4+ 33. Kd3 Bg4 34. a6 Bxf5 35. a7 Nf2+ 36. Kd4 Be4 37. Bd6 Ba8 38. Ra5 Rd8 0-1


[Site "https://www.chess.com"]

[Event "Titled Tuesday Blitz October 11 Late 2022"]
[White "Rorrer, Grayson"]
[Black "Noboa Silva, Kevin"]
[WhiteFideId "30944996"]
[BlackFideId "3618471"]
[WhiteElo "2130"]
[BlackElo "2178"]
[Result "0-1"]
[Round "02"]
[TimeControl "180+1"]
[Date "2022.10.12"]
[WhiteClock "0:00:04"]
[BlackClock "0:00:08"]

1. e4 e6 2. d4 d5 3. Nd2 a6 4. Ngf3 c5 5. exd5 exd5 6. Bd3 c4 7. Be2 Nf6 8. O-O Bd6 9. c3 O-O 10. b3 b5 11. a4 Bb7 12. Ne5 Nbd7 13. f4 Qc7 14. bxc4 dxc4 15. Bf3 Nb6 16. axb5 axb5 17. Rxa8 Rxa8 18. Qc2 Bxf3 19. Ndxf3 Qb7 20. Ng5 Rf8 21. Bd2 h6 22. Ngf3 Nbd5 23. Rb1 Qa6 24. Nh4 Ra8 25. Nf5 Bf8 26. Qb2 Ne4 27. Be1 b4 28. cxb4 g6 29. Ng3 c3 30. Qc2 Nxg3 31. hxg3 Bxb4 32. Qe4 Rd8 33. Rc1 Kg7 34. Kh2 Nf6 35. Qe3 Qb6 36. Bxc3 Nd5 37. Qe4 Bxc3 38. Qd3 Bb4 39. Nf3 Nf6 40. Qe2 Bf8 41. Kh1 Re8 42. Qf1 Qe6 43. Qg1 Qe2 44. Re1 Qb5 45. Rd1 Ng4 46. Nh2 Nxh2 47. Kxh2 Be7 48. Qf2 Bf6 49. d5 Qd7 50. Qf3 Rd8 51. g4 Qd6 52. g3 g5 53. Rd2 gxf4 54. gxf4 Rc8 55. Rd3 Rc2+ 56. Kh3 Qc5 57. Qg3 Rc1 58. d6 Rh1+ 59. Kg2 Rg1+ 60. Kh3 Rxg3+ 61. Kxg3 Qc4 62. Kf3 Qxd3+ 0-1


[Site "https://www.chess.com"]

[Event "Titled Tuesday Blitz October 11 Late 2022"]
[White "Rose, Felix"]
[Black "Remolar Gallen, Jose"]
[WhiteFideId "5105722"]
[BlackFideId "2215187"]
[WhiteElo "2039"]
[BlackElo "2214"]
[Result "0-1"]
[Round "02"]
[TimeControl "180+1"]
[Date "2022.10.12"]
[WhiteClock "0:00:01"]
[BlackClock "0:00:08"]

1. e4 c5 2. Nf3 d6 3. d4 cxd4 4. Nxd4 Nf6 5. Nc3 a6 6. f3 e5 7. Nb3 Be7 8. Be3 Be6 9. Qd2 h5 10. O-O-O Nbd7 11. Kb1 Qc7 12. Nd5 Nxd5 13. exd5 Bf5 14. Bd3 Bxd3 15. Qxd3 Rc8 16. Rc1 Qc4 17. Qd2 Bd8 18. f4 O-O 19. f5 Bb6 20. Bxb6 Nxb6 21. f6 Qf4 22. fxg7 Kxg7 23. Qxf4 exf4 24. Rcd1 Rfe8 25. Rhf1 Re2 26. Nd4 Rxg2 27. Rxf4 Nxd5 28. Rh4 Ne3 29. Rc1 Kg6 30. c3 Rc5 31. Re1 Ng4 32. h3 Kg5 33. Nf3+ Kf4 34. hxg4 hxg4 0-1


[Site "https://www.chess.com"]

[Event "Titled Tuesday Blitz October 11 Late 2022"]
[White "Rosenberg, Evan S"]
[Black "Hnydiuk, Aleksander"]
[WhiteFideId "2019299"]
[BlackFideId "1109057"]
[WhiteElo "2360"]
[BlackElo "2374"]
[Result "0-1"]
[Round "02"]
[TimeControl "180+1"]
[Date "2022.10.12"]
[WhiteClock "0:00:02"]
[BlackClock "0:00:13"]

1. Nf3 Nf6 2. c4 e6 3. Nc3 c5 4. g3 b6 5. Bg2 Bb7 6. O-O Be7 7. d3 O-O 8. e4 Nc6 9. a3 d6 10. Rb1 a5 11. h3 Nd7 12. Be3 Bf6 13. Nb5 Nde5 14. Nxe5 Bxe5 15. f4 Bf6 16. d4 cxd4 17. Nxd4 Rc8 18. Nb5 d5 19. cxd5 exd5 20. exd5 Ne7 21. d6 Bxg2 22. Kxg2 Nf5 23. Bf2 Rc6 24. d7 Qa8 25. Kh2 Rd8 26. g4 Nd6 27. Nxd6 Rxd7 28. Qf3 Rdxd6 29. Rfd1 Qc8 30. Rxd6 Rxd6 31. b4 Rd2 32. Re1 g6 33. Re2 Rxe2 34. Qxe2 Qc6 35. b5 Qd6 36. Qe3 a4 37. Kg3 g5 38. Qf3 gxf4+ 39. Kg2 Kg7 40. h4 Bb2 41. g5 Bxa3 42. h5 Bc5 43. h6+ Kg6 44. Qe4+ Kxg5 45. Qxh7 f3+ 46. Kh3 Qe6+ 47. Kh2 Bd6+ 48. Bg3 Qe2+ 0-1


[Site "https://www.chess.com"]

[Event "Titled Tuesday Blitz October 11 Late 2022"]
[White "Rustemov, Alexander"]
[Black "Bjelobrk, Igor"]
[WhiteFideId "4119002"]
[BlackFideId "4300726"]
[WhiteElo "2869"]
[BlackElo "2335"]
[Result "1-0"]
[Round "02"]
[TimeControl "180+1"]
[Date "2022.10.12"]
[WhiteClock "0:00:31"]
[BlackClock "0:00:04"]

1. d4 d5 2. c4 e6 3. Nc3 c5 4. cxd5 cxd4 5. Qxd4 Nc6 6. Qd1 exd5 7. Qxd5 Bd6 8. Nf3 Nf6 9. Qd1 O-O 10. g3 Bb4 11. Qxd8 Rxd8 12. Bd2 Bg4 13. Bg2 Rac8 14. Rd1 Bxc3 15. Bxc3 Rxd1+ 16. Kxd1 Ne4 17. Be1 Be6 18. b3 a5 19. e3 a4 20. Nd4 Nxd4 21. Bxe4 axb3 22. axb3 Bxb3+ 23. Kd2 Nc6 24. f4 Rd8+ 25. Ke2 Bd5 26. Bxd5 Rxd5 27. Bc3 f5 28. Rb1 b5 29. h3 Kf7 30. g4 g6 31. g5 b4 32. Bf6 Ke6 33. h4 Kd6 34. h5 gxh5 35. Rh1 Kc5 36. Rxh5 Rd7 37. Rh6 b3 38. Bh8 Nb4 39. Rf6 Nd3 40. Rxf5+ Kc4 41. Rf8 b2 42. Rb8 Re7 43. Kf3 Ne1+ 44. Kg4 Nd3 45. Bxb2 Nxb2 46. Rxb2 Rxe3 47. Rb7 1-0


[Site "https://www.chess.com"]

[Event "Titled Tuesday Blitz October 11 Late 2022"]
[White "Rytenko, Vsevolod"]
[Black "Aarav Dengla"]
[WhiteFideId "14133040"]
[BlackFideId "45059756"]
[WhiteElo "2262"]
[BlackElo "2257"]
[Result "0-1"]
[Round "02"]
[TimeControl "180+1"]
[Date "2022.10.12"]
[WhiteClock "0:00:40"]
[BlackClock "0:00:08"]

1. e4 c5 2. Nf3 d6 3. d4 cxd4 4. Nxd4 Nf6 5. Nc3 a6 6. Rg1 e5 7. Nb3 Be6 8. g4 d5 9. g5 Nxe4 10. Nxe4 dxe4 11. Qxd8+ Kxd8 12. Be3 Nc6 13. O-O-O+ Kc7 14. Bg2 Bg4 15. Rd2 Bf3 16. Bxf3 exf3 17. Rgd1 Be7 18. Rd7+ Kc8 19. Na5 Rd8 20. Rxd8+ Bxd8 21. Nxc6 bxc6 22. h4 Be7 23. a4 Rb8 24. a5 Rb4 25. Rh1 Ra4 26. Kd2 Rxa5 27. Kd3 Ra4 28. b3 e4+ 29. Kd2 Ra5 30. Kc3 f6 31. Rg1 Kd7 32. Kc4 Ke6 33. b4 Rb5 34. c3 a5 35. bxa5 Rxa5 36. Rg4 f5 37. Rg1 Bd6 38. g6 h6 39. Bxh6 Be5 40. Be3 Ra3 41. Bd4 Bxd4 42. Kxd4 Ra2 43. h5 Rxf2 44. h6 Rd2+ 45. Ke3 Rd3+ 46. Kf4 gxh6 47. g7 Rd8 48. Rg6+ Kf7 49. Kxf5 f2 50. Rf6+ Kxg7 51. Rg6+ Kh7 0-1


[Site "https://www.chess.com"]

[Event "Titled Tuesday Blitz October 11 Late 2022"]
[White "Sabar, Ethmane Daouda"]
[Black "Vega Gutierrez, Sabrina"]
[WhiteFideId "19600097"]
[BlackFideId "2219026"]
[WhiteElo "1950"]
[BlackElo "2261"]
[Result "0-1"]
[Round "02"]
[TimeControl "180+1"]
[Date "2022.10.12"]
[WhiteClock "0:00:28"]
[BlackClock "0:00:08"]

1. Nf3 d5 2. g3 c6 3. Bg2 Bg4 4. O-O Nd7 5. c4 e6 6. d4 Ngf6 7. b3 Bd6 8. Bb2 O-O 9. Ne5 Bh5 10. Nd2 a5 11. a3 Qe7 12. Ndf3 Ne4 13. Nxd7 Qxd7 14. Ne5 Qe7 15. f3 Nf6 16. g4 Bg6 17. Qd2 c5 18. e3 a4 19. dxc5 Bxc5 20. b4 Ba7 21. c5 Nd7 22. Rac1 Nxe5 23. Bxe5 Bb8 24. Qd4 Bxe5 25. Qxe5 f6 26. Qd4 Rfd8 27. f4 h5 28. h3 hxg4 29. hxg4 Bf7 30. b5 e5 31. fxe5 fxe5 32. Qb4 Qg5 33. Rc3 d4 34. exd4 exd4 35. Rcf3 Bd5 36. Rf4 Bxg2 37. Kxg2 Qd5+ 38. Kg3 Re8 39. Qxd4 Qb3+ 40. R1f3 Qe6 41. Qd6 Qe1+ 42. Kh3 Qh1+ 43. Kg3 Qe1+ 44. Kg2 Re2+ 45. Rf2 Rxf2+ 46. Rxf2 Qe4+ 47. Kg3 Re8 48. Qf4 Qd3+ 49. Rf3 Qd5 50. c6 bxc6 51. bxc6 Qxc6 52. Qf7+ Kh7 53. Qf5+ Kg8 54. Qf7+ Kh7 55. g5 Qd6+ 56. Kg4 Re4+ 57. Rf4 Qd1+ 58. Kh4 Qh1+ 59. Kg3 Qg1+ 60. Kf3 Rxf4+ 61. Qxf4 Qf1+ 62. Ke4 Qe2+ 63. Kf5 Qd3+ 64. Ke5 Qb5+ 65. Kd4 Qb6+ 66. Kd5 Qb5+ 67. Kd6 Qb6+ 68. Ke7 Qb7+ 69. Qc7 Qxc7+ 70. Ke6 Qc5 71. g6+ Kxg6 72. Kd7 Qxa3 73. Kc8 Qb3 74. Kc7 a3 75. Kc6 a2 76. Kc5 a1=Q 77. Kc6 Qc1+ 0-1


[Site "https://www.chess.com"]

[Event "Titled Tuesday Blitz October 11 Late 2022"]
[White "Sanchez, Robert"]
[Black "Potula, Kapish"]
[WhiteFideId "2034360"]
[BlackFideId "30903270"]
[WhiteElo "2423"]
[BlackElo "1945"]
[Result "1-0"]
[Round "02"]
[TimeControl "180+1"]
[Date "2022.10.12"]
[WhiteClock "0:00:41"]
[BlackClock "0:00:03"]

1. e4 e6 2. d4 d5 3. Nd2 Nf6 4. e5 Nfd7 5. Bd3 c5 6. c3 Nc6 7. Ne2 cxd4 8. cxd4 f6 9. exf6 Qxf6 10. Nf3 h6 11. O-O Bd6 12. Ng3 O-O 13. Be3 Rd8 14. a3 Nf8 15. Re1 Bd7 16. b4 a6 17. Rc1 Rac8 18. Qe2 Be8 19. Bb1 Bg6 20. Ne5 Nxe5 21. dxe5 Qxe5 22. Rcd1 Bxb1 23. Rxb1 d4 24. Bd2 Qxe2 25. Nxe2 e5 26. Ng3 Rc2 27. Ne4 Be7 28. Red1 Nd7 29. a4 Rdc8 30. b5 Nf6 31. f3 Nxe4 32. fxe4 axb5 33. Rxb5 Ra2 34. Rxb7 Bf6 35. Kf1 Rcc2 36. Ke1 Rcb2 37. Rxb2 Rxb2 38. a5 Ra2 39. g3 Bg5 40. Bb4 Kf7 41. h4 Be3 42. Rd3 1-0


[Site "https://www.chess.com"]

[Event "Titled Tuesday Blitz October 11 Late 2022"]
[White "Sarana, Alexey"]
[Black "Matinian, Nikita"]
[WhiteFideId "24133795"]
[BlackFideId "24129100"]
[WhiteElo "2689"]
[BlackElo "2422"]
[Result "1-0"]
[Round "02"]
[TimeControl "180+1"]
[Date "2022.10.11"]
[WhiteClock "0:00:48"]
[BlackClock "0:00:05"]

1. c4 e5 2. Nc3 Nc6 3. Nf3 Nf6 4. g3 Bb4 5. Nd5 e4 6. Nh4 O-O 7. Bg2 Re8 8. O-O d6 9. b3 Bc5 10. e3 Nxd5 11. cxd5 Nb4 12. f3 Nxd5 13. fxe4 Nf6 14. Bb2 Nxe4 15. Qh5 Ng5 16. Nf5 Bxf5 17. Rxf5 f6 18. Raf1 Re5 19. Bxe5 dxe5 20. Rxg5 fxg5 21. Be4 g6 22. Bxg6 hxg6 23. Qxg6+ Kh8 24. Rf7 Bxe3+ 25. Kf1 Qf8 26. Qh7# 1-0


[Site "https://www.chess.com"]

[Event "Titled Tuesday Blitz October 11 Late 2022"]
[White "Sargsyan, Anna M."]
[Black "Evdokimov, Alexey"]
[WhiteFideId "13308130"]
[BlackFideId "24162450"]
[WhiteElo "2284"]
[BlackElo "2154"]
[Result "1-0"]
[Round "02"]
[TimeControl "180+1"]
[Date "2022.10.12"]
[WhiteClock "0:01:33"]
[BlackClock "0:00:04"]

1. d4 Nf6 2. c4 g6 3. g3 Bg7 4. Bg2 O-O 5. Nc3 d6 6. Nf3 Nc6 7. O-O a6 8. h3 Bd7 9. e4 e5 10. Be3 exd4 11. Nxd4 Rb8 12. Re1 Re8 13. Kh2 Nxd4 14. Bxd4 b5 15. cxb5 axb5 16. b4 Qc8 17. Rc1 c5 18. Bxf6 Bxf6 19. Qxd6 Re6 20. Qd2 cxb4 21. Nd5 Bc3 22. Nxc3 bxc3 23. Rxc3 Qe8 24. Rc7 Bc6 25. Qf4 b4 26. Rxf7 Qxf7 27. Qxb8+ Kg7 28. Qxb4 Qxf2 29. Qc3+ Qf6 30. Qxf6+ Kxf6 31. g4 Ke5 32. Kg3 Rd6 33. Re2 g5 34. Kf2 Rd4 35. Ke3 Ra4 36. Rc2 1-0


[Site "https://www.chess.com"]

[Event "Titled Tuesday Blitz October 11 Late 2022"]
[White "Sarkar, Justin"]
[Black "Domingo Nunez, Ruben"]
[WhiteFideId "2010011"]
[BlackFideId "22245570"]
[WhiteElo "2250"]
[BlackElo "2406"]
[Result "0-1"]
[Round "02"]
[TimeControl "180+1"]
[Date "2022.10.12"]
[WhiteClock "0:00:01"]
[BlackClock "0:00:39"]

1. e4 g6 2. d4 Bg7 3. Nc3 c6 4. f4 d5 5. e5 Nh6 6. h3 f6 7. g4 O-O 8. Bg2 fxe5 9. fxe5 e6 10. Nf3 c5 11. Ne2 Nc6 12. c3 cxd4 13. cxd4 Qb6 14. Bf4 Qxb2 15. O-O Qa3 16. Qd2 Nf7 17. Rab1 b6 18. Nc3 Ba6 19. Rfc1 Rac8 20. Nb5 Bxb5 21. Rxb5 Rc7 22. Rb3 Qa4 23. Rbc3 Rfc8 24. Qc2 Qb4 25. Be3 Qe7 26. Bf1 Bf8 27. Bd3 Nb4 0-1


[Site "https://www.chess.com"]